 Dungeon Crawl Stone Soup version 0.21-a0-52-gbf49515 (webtiles) character file.

21 xgamer67 the Gusty (level 2, -1/15 HPs)
             Began as a Tengu Air Elementalist on June 14, 2017.
             Slain by an adder (4 damage)
             ... on level 2 of the Dungeon.
             The game lasted 00:02:26 (1357 turns).

xgamer67 the Gusty (Tengu Air Elementalist)         Turns: 1357, Time: 00:02:27

Health: -1/15      AC:  2    Str:  8    XL:     2   Next: 83%
Magic:  1/6        EV: 12    Int: 15    God:
Gold:   79         SH:  0    Dex: 14    Spells: 2/5 levels left

rFire    . . .     SeeInvis .   a - +0 dagger
rCold    . . .     Gourm    .   (no shield)
rNeg     . . .     Faith    .   d - +0 robe
rPois    .         Spirit   .   (helmet restricted)
rElec    .         Reflect  .   (no cloak)
rCorr    .         Harm     .   (no gloves)
MR       .....                  (boots unavailable)
Stlth    ++........             (no amulet)
Regen    0.1/turn               (no ring)
MPRegen  0.1/turn               (no ring)

@: lethally poisoned (-1 -> -8)
A: beak, talons 3
a: no special abilities


You were on level 2 of the Dungeon.
You were hungry.

You visited 1 branch of the dungeon, and saw 2 of its levels.

You collected 79 gold pieces.

Inventory:

Hand Weapons
 a - a +0 dagger (weapon)
Armour
 d - a +0 robe (worn)
 k - a +0 scale mail
Wands
 n - a wand of iceblast (7/15)
Scrolls
 e - a scroll of enchant armour {unknown}
 i - 2 scrolls of teleportation {unknown}
Potions
 f - a potion of might {unknown}
 g - a potion of haste {unknown}
 h - a potion of degeneration {unknown}
Books
 b - a book of Air

   Spells                             Type                      Level
   a - Shock                          Conjuration/Air              1
   b - Swiftness                      Charms/Air                   2
   c - Static Discharge               Conjuration/Air              3
   d - Airstrike                      Air                          4
   e - Lightning Bolt                 Conjuration/Air              5
Comestibles
 c - a bread ration
 j - 3 meat rations
 l - a royal jelly
 m - a chunk of flesh


   Skills:
 - Level 2.1 Dodging
 - Level 2.0 Stealth
 - Level 2.0 Spellcasting
 + Level 3.6 Conjurations
 - Level 4.0 Air Magic


You had 2 spell levels left.
You knew the following spells:

 Your Spells              Type           Power        Failure   Level  Hunger
a - Shock                 Conj/Air       ##..         4%          1    #......
A - Swiftness             Chrm/Air       #.......     14%         2    ###....


Dungeon Overview and Level Annotations

Branches:
Dungeon (2/15)

Altars:

Annotations:
D:2 Terence


Innate Abilities, Weirdness & Mutations

You have a beak for a mouth.
You have claws for feet.


Message History

Casting: Shock
Confirm with . or Enter, or press ? or * to list all spells.
Aiming: Shock
Press: ? - help, Shift-Dir - straight line The zap misses the adder. x2
You are feeling hungry.
* * * LOW HITPOINT WARNING * * *
You feel sick. The adder barely misses you.
Casting: Shock
Confirm with . or Enter, or press ? or * to list all spells.
Aiming: Shock
Press: ? - help, Shift-Dir - straight line The zap misses the adder. x2; The adder bites you.
* * * LOW HITPOINT WARNING * * *
Casting: Shock
Confirm with . or Enter, or press ? or * to list all spells.
Aiming: Shock
Press: ? - help, Shift-Dir - straight line The zap misses the adder. x2; The adder closely misses you.
The adder bites you.
You die...

#.. #.#### #.##.. #.##.#
#.##.# #######.##.#
.........#.###
#######......#
######@.#.#.######
#....S....#.##...##
#.####..###.#.###.#####
#.....##......#<# #......
#.###.##..>.....###.#####
... ......#####...## ###
####.# ##### #.# .#


You could see an adder.

Vanquished Creatures
  A giant cockroach (D:1)
  7 goblins
  4 hobgoblins (D:1)
  2 kobolds
  2 frilled lizards (D:1)
  A rat (D:2)
17 creatures vanquished.

Notes
Turn   | Place    | Note
-------+----------+-------------------------------------------
     0 | D:1      | xgamer67 the Tengu Air Elementalist began the quest for the Orb.
     0 | D:1      | Reached XP level 1. HP: 10/10 MP: 4/4
   620 | D:1      | Reached XP level 2. HP: 14/15 MP: 4/6
   756 | D:1      | Learned a level 2 spell: Swiftness
  1251 | D:2      | Noticed Terence
  1357 | D:2      | Slain by an adder

Vault maps used:
D:1:      dpeg_arrival_ternary, minmay_pentomino_q4
D:2:      uniq_sigmund, uniq_terence

Skill      XL: |  1  2 |
---------------+-------+-----
Conjurations   | 2 3 |  3.6
Dodging        | |  2.1
Stealth        | |  2.0
Spellcasting   | |  2.0
Air Magic      | |  4.0

Action                   || total
-------------------------++-------
Melee: Dagger            ||    38
       Kick              ||     5
       Peck              ||     7
 Cast: Shock             ||    13
 Stab: Sleeping          ||     2
  Eat: Chunk             ||     1
Armor: Robe              ||     6
Dodge: Dodged            ||    18
